 Seeded DCSS version 0.29-a0-1023-g6ae1a4a2c7 (webtiles) character file.

Game seed: 6155037152212704371 (custom seed)

4530 mathmaestro the Merchant of Misery (level 10, -1/53 (77) HPs)
             Began as a Demonspawn Necromancer on Aug 12, 2022.
             Was a Believer of Kikubaaqudgha.
             Slain by a wight
             ... wielding a +3 morningstar
              (2 damage)
             ... on level 7 of the Dungeon.
             The game lasted 00:16:27 (9688 turns).

mathmaestro the Merchant of Misery (DsNe)           Turns: 9688, Time: 00:16:27

HP:   -1/53 (77)    AC: 11    Str:  8    XL:     10   Next: 17%
MP:   0/19          EV: 11    Int: 22    God:    Kikubaaqudgha [**....]
Gold: 252           SH:  0    Dex: 11    Spells: 8/22 levels left

rFire   + . .      SeeInvis .   A - +12 quarterstaff of Askesosit {venom, rPois rF+ Dex-2}
rCold   . . .      Faith    .   (shield currently unavailable)
rNeg    . . .      Spirit   +   d - +0 acid dragon scales
rPois   +          Reflect  .   (no helmet)
rElec   .          Harm     .   i - +0 cloak
rCorr   +          Rampage  .   B - +0 pair of gloves
Will    .....                   w - +0 pair of boots
Stlth   ++........              (no amulet)
HPRegen 0.17/turn               (no ring)
MPRegen 0.32/turn               (no ring)

@: very heavily drained
A: magic shield, magic regeneration, sturdy frame 1, weakness stinger 1
a: Renounce Religion, Unearth Wretches


You were on level 7 of the Dungeon.
You worshipped Kikubaaqudgha.
Kikubaaqudgha was pleased with you.
You visited 2 branches of the dungeon, and saw 8 of its levels.

You collected 288 gold pieces.
You spent 36 gold pieces at shops.

Inventory:

Hand Weapons
 j - a +4 hand axe
 s - a +0 dagger of distortion
 A - the +12 quarterstaff of Askesosit (weapon) {venom, rPois rF+ Dex-2}
   (You found it on level 5 of the Dungeon)

   It poisons the flesh of those it strikes.
   Dex:       It affects your dexterity (-2).
   rF:        It protects you from fire.
   rPois:     It protects you from poison.
 D - the +8 dagger of Yqimeser {freeze, Stlth+}
   (You took it off a kobold on level 6 of the Dungeon)

   It freezes those it strikes, dealing additional cold damage.
   It can also slow down cold-blooded creatures.
   Stlth:     It makes you more stealthy.
Armour
 d - +0 acid dragon scales (worn)
 g - a +0 buckler
 i - a +0 cloak (worn)
 w - a +0 pair of boots (worn)
 B - a +0 pair of gloves (worn)
Wands
 y - a wand of mindburst (14)
Scrolls
 e - a scroll of poison
 f - a scroll of enchant armour {unknown}
 k - a scroll of silence
 n - a scroll of magic mapping
 q - a scroll of amnesia
Potions
 a - a potion of berserk rage {unknown}
 b - 2 potions of magic
 c - 2 potions of degeneration {unknown}
 h - a potion of attraction {unknown}
 p - 3 potions of haste
 r - a potion of brilliance {unknown}
 t - 2 potions of curing
 z - a potion of mutation {unknown}
 C - a potion of resistance {unknown}


   Skills:
 + Level 6.7 Fighting
 - Level 5.0 Armour
 - Level 2.0 Dodging
 - Level 2.0 Stealth
 + Level 6.5 Spellcasting
 + Level 4.4 Hexes
 + Level 8.7 Necromancy
 - Level 5.0 Evocations


You had 8 spell levels left.
You knew the following spells:

 Your Spells              Type           Power      Damage    Failure   Level
a - Necrotise             Necr           100%       1d9       1%          1
b - Vampiric Draining     Necr           45%        2d9       1%          3
c - Animate Dead          Necr           45%        N/A       2%          4
d - Sublimation of Blood  Necr           45%        N/A       1%          2
e - Anguish               Hex/Necr       18%        N/A       7%          4

Your spell library contained the following spells:

 Spells                   Type           Power      Damage    Failure   Level
 Agony                    Necr           45%        N/A       8%          5
 Magic Dart               Conj           28%        1d4       11%         1
 Summon Small Mammal      Summ           28%        N/A       11%         1
 Summon Guardian Golem    Hex/Summ       16%        N/A       12%         3
 Call Imp                 Summ           7%         N/A       16%         2
 Call Canine Familiar     Summ           7%         N/A       30%         3
 Ignite Poison            Fire/Tmut/Pois 7%         N/A       30%         3
 Mephitic Cloud           Conj/Pois/Air  7%         N/A       30%         3
 Freezing Cloud           Conj/Ice/Air   3%         6-21      96%         5


Dungeon Overview and Level Annotations

Branches:
Dungeon (7/15)             Temple (1/1) D:5

Altars:
Ashenzari
Dithmenos
Fedhas
Gozag
Hepliaklqana
Kikubaaqudgha
Makhleb
Nemelex Xobeh
Okawaru
Qazlal
Sif Muna
Trog
Uskayaw
Wu Jian
Xom
Yredelemnul

Shops:
D:3 !   D:4 :


Innate Abilities, Weirdness & Mutations

When hurt, damage is shared between your health and your magic reserves.
You regenerate magic rapidly.
Your movements are slightly less encumbered by armour. (ER -2)
You have a small tail.


Message History

a +0 short sword; a +0 robe The wight attacks as you move away!
The wight hits you but does no damage.
You thump the wight!
The wight is heavily damaged.
The wight closely misses you.
You hit the wight. You tail-slap the wight.
The wight is severely damaged.
The wight hits you with a +0 scimitar!
You feel drained. The wight closely misses you.
You sock the wight!
You destroy the wight!
Kikubaaqudgha accepts your kill.
You closely miss the wight.
The wight hits you with a +3 morningstar.
You feel drained.
You hit the wight.
The wight is lightly damaged.
The wight hits you but does no damage.
The wight hits you with a +3 morningstar.
You sock the wight!
You tail-slap the wight, but do no damage.
The wight is heavily damaged.
The wight completely misses you.
You hit the wight.
The wight is severely damaged.
The wight hits you with a +3 morningstar!
* * * LOW HITPOINT WARNING * * *
You completely miss the wight. You tail-slap the wight.
The wight is almost destroyed.
The wight hits you with a +3 morningstar!
* * * LOW HITPOINT WARNING * * *
You feel drained.
* * * LOW HITPOINT WARNING * * *
The wight closely misses you.
You feel better.
The wight hits you with a +3 morningstar!
* * * LOW HITPOINT WARNING * * *
You feel drained.
You die...
Kikubaaqudgha rasps: "You have failed me!
Welcome... death!"

*****,,,,,,,,,,***,***
#... *,********** *,*
#... *** *********,*
#.#' *,,,,,,,,,* #.#.
#,*###***** #.#.
#.##.# #.#. #....#
#.#. ####.# #.##
#.@z)# #.# #.#### #.#
#.# #.# #.# #.#
#.##############.#
#................#
#.################ #.#
#.#


You could see a wight.

Vanquished Creatures
  Sigmund (D:3)
  Edmund (D:6)
  An acid dragon (D:7)
  A water moccasin (D:6)
  An ice beast (D:5)
  A sky beast (D:7)
  2 hornet zombies (D:7)
  3 ogres
  A black bear (D:5)
  A phantom (D:5)
  A kobold brigand (D:6)
  A bullfrog (D:4)
  A necrophage (D:6)
  4 wyvern zombies (D:7)
  7 scorpions
  22 wights
  A water moccasin zombie (D:7)
  6 killer bees (D:7)
  4 howler monkeys
  A bullfrog zombie (D:7)
  2 centaur zombies (D:7)
  4 orc priests
  A jelly (D:5)
  2 iguanas
  10 orc wizards
  3 killer bee zombies (D:7)
  A howler monkey zombie (D:7)
  8 adders
  27 orcs
  5 ball pythons
  A bat (D:2)
  3 endoplasms
  A giant cockroach (D:1)
  7 hobgoblins
  5 quokkas
  5 goblins
  11 kobolds
  3 rats
160 creatures vanquished.

Vanquished Creatures (collateral kills)
  A dart slug (D:4)
1 creature vanquished.

Vanquished Creatures (others)
  A wight (D:7)
  3 orc zombies (D:7)
  A fungus (D:7)
  50 plants
  9 withered plants (D:7)
64 creatures vanquished.

Grand Total: 225 creatures vanquished

Notes
Turn   | Place    | Note
-------+----------+-------------------------------------------
     0 | D:1      | mathmaestro the Demonspawn Necromancer began the quest for
                  | the Orb.
     0 | D:1      | Reached XP level 1. HP: 13/13 MP: 3/3
   644 | D:1      | Gained mutation: You regenerate magic rapidly. [demonic
                  | ancestry]
   644 | D:1      | Reached XP level 2. HP: 19/20 MP: 3/5
  1350 | D:2      | Reached skill level 1 in Fighting
  1623 | D:3      | Found Zojekus's Distillery.
  1632 | D:3      | Bought a potion of curing for 36 gold pieces
  1712 | D:3      | Found a faded altar of an unknown god.
  2040 | D:3      | Reached XP level 3. HP: 24/26 MP: 6/6
  2044 | D:3      | Learned a level 3 spell: Vampiric Draining
  2065 | D:3      | Noticed Sigmund
  2381 | D:4      | Noticed a scorpion
  2388 | D:4      | Killed a scorpion
  2389 | D:4      | Reached skill level 1 in Armour
  2389 | D:4      | Reached skill level 5 in Necromancy
  2389 | D:4      | Gained mutation: Your movements are slightly less
                  | encumbered by armour. (ER -2) [demonic ancestry]
  2389 | D:4      | Reached XP level 4. HP: 27/33 MP: 2/8
  2394 | D:4      | Learned a level 4 spell: Animate Dead
  2499 | D:4      | Found Ytylop's Book Emporium.
  2655 | D:4      | Noticed a scorpion
  2660 | D:4      | Killed a scorpion
  2661 | D:4      | Reached XP level 5. HP: 38/38 MP: 5/9
  2878 | D:4      | Gained mutation: When hurt, damage is shared between your
                  | health and your magic reserves. [demonic ancestry]
  2878 | D:4      | Reached XP level 6. HP: 36/46 MP: 5/11
  3365 | D:3      | Killed Sigmund
  3366 | D:3      | Reached skill level 6 in Necromancy
  3366 | D:3      | Reached XP level 7. HP: 31/52 MP: 9/12
  3512 | D:5      | Entered Level 5 of the Dungeon
  3601 | D:5      | Identified the +12 quarterstaff of Askesosit {venom, rPois
                  | rF+ Dex-2}
  3989 | D:5      | Found a staircase to the Ecumenical Temple.
  4024 | Temple   | Entered the Ecumenical Temple
  4240 | Temple   | Became a worshipper of Kikubaaqudgha
  4302 | D:5      | Reached skill level 1 in Evocations
  4937 | D:6      | Gained mutation: You have a small tail. [demonic ancestry]
  4937 | D:6      | Reached XP level 8. HP: 41/60 MP: 11/14
  5489 | D:6      | Reached skill level 7 in Necromancy
  5578 | D:6      | Reached * piety under Kikubaaqudgha
  5578 | D:6      | Received a gift from Kikubaaqudgha
  5582 | D:6      | Learned a level 2 spell: Sublimation of Blood
  5587 | D:6      | Learned a level 4 spell: Anguish
  5719 | D:6      | Reached skill level 5 in Spellcasting
  5882 | D:6      | Reached skill level 1 in Hexes
  5960 | D:6      | Reached skill level 5 in Fighting
  6284 | D:6      | Noticed Edmund
  6292 | D:6      | Killed Edmund
  6293 | D:6      | Reached XP level 9. HP: 64/68 MP: 14/17
  6752 | D:6      | Identified the +8 dagger of Yqimeser {freeze, Stlth+}
  7750 | D:7      | Reached skill level 5 in Armour
  8079 | D:7      | Reached skill level 8 in Necromancy
  8284 | D:7      | Reached ** piety under Kikubaaqudgha
  8464 | D:7      | Reached skill level 5 in Evocations
  8700 | D:7      | Reached XP level 10. HP: 72/77 MP: 19/19
  9688 | D:7      | HP: 1/56 [wight/+3 morningstar (10)]
  9688 | D:7      | Slain by a wight

Illustrated notes

Levels and vault maps discovered:
D:1:      amcnicky_arrival_underground_garden, layout_loops_ring
D:2:      layout_loops_cross
D:3:      minmay_spotlight, layout_basic,
          shapermc_ecumenical_altar_starsandcircs, serial_shops, shop,
          uniq_sigmund
D:4:      layout_basic, serial_shops, shop, serial_bayou_lagoon_a,
          grunt_ministairs_1, minmay_misc_feat_tiny
D:5:      layout_loops_ring, temple_pool_b
D:6:      cheibrodos_thug_alley, layout_layer_cave, serial_rivers,
          chequers_serial_rivers_marsh, chequers_serial_rivers_micro_e,
          chequers_serial_rivers_room_b, chequers_serial_rivers_small_b,
          chequers_serial_rivers_micro_a, amcnicky_mini_rare_corridor_liquid,
          minmay_misc_feat_diagonals, st_stairs_4, uniq_edmund
D:7:      layout_basic, nicolae_ru_the_path_less_chosen, vehumet_altar_wand_db,
          serial_undead, serial_undead_b, serial_undead_b, serial_undead_c,
          serial_undead_b, serial_undead_e, serial_undead_d, serial_undead_a
Temple:   minmay_crystal_spiral_temple

Skill      XL: |  1  2  3  4  5  6  7  8  9 |
---------------+----------------------------+-----
Stealth        | 2 |  2.0
Dodging        | 2 |  2.0
Fighting       | 1 2 3 4 5 6 |  6.7
Armour         | 1 2 3 4 5 |  5.0
Necromancy     | 5 6 7 8 |  8.7
Spellcasting   | 3 4 5 6 |  6.5
Evocations     | 2 3 5 |  5.0
Hexes          | 1 4 |  4.4

Action                   |  1- 3 |  4- 6 |  7- 9 | 10-12 || total
-------------------------+-------+-------+-------+-------++-------
Melee: Dagger            |    57 |    66 |    10 |       ||   133
       Whip              |     1 |       |       |       ||     1
       Quarterstaff      |       |       |   269 |    57 ||   326
       Tailslap          |       |       |    25 |    11 ||    36
 Cast: Necrotise         |    25 |    18 |    11 |       ||    54
       Vampiric Draining |       |     3 |     7 |     2 ||    12
       Anguish           |       |       |     4 |     4 ||     8
       Animate Dead      |       |       |       |     1 ||     1
Evoke: Wand              |       |       |     1 |       ||     1
  Use: Scroll            |       |       |    10 |       ||    10
       Potion            |       |       |       |     1 ||     1
 Stab: Sleeping          |     3 |       |     1 |       ||     4
Armor: Robe              |     9 |       |       |       ||     9
       Leather armour    |     7 |    18 |   125 |     3 ||   153
       Acid dragon scale |       |       |       |    38 ||    38
Dodge: Dodged            |    38 |    27 |   215 |    46 ||   326
Block: Buckler           |     3 |    15 |       |       ||    18

Table legend: (Time is in decaauts)
 A = Elapsed time spent in this place.
 B = Non-inter-level travel time spent in this place.
 C = Inter-level travel time spent in this place.
 D = Time resting spent in this place.
 E = Time spent auto-exploring this place.
 F = Levels seen in this place.
 G = Mean time per level.
                   A        B        C        D        E       F      G
               +--------+--------+--------+--------+--------+-----+--------+
         Total |   9823 |   9229 |    594 |   3062 |   4209 |   8 | 1227.9 |
       Dungeon |   9559 |   9050 |    509 |   3062 |   4046 |   7 | 1365.6 |
        Temple |    264 |    179 |     85 |      0 |    163 |   1 |  264.0 |
               +--------+--------+--------+--------+--------+-----+--------+

Top non-repeatable levels by time:
     D:6: 3220 daAuts
     D:7: 1697 daAuts
     D:4: 1071 daAuts
     D:5: 1068 daAuts
     D:1: 912 daAuts
     D:2: 901 daAuts
     D:3: 687 daAuts
  Temple: 264 daAuts
